 Dungeon Crawl Stone Soup version 0.23.0 (webtiles) character file.

Game seed: 9714982934901840182

1636 Monsterracer the Slicer (level 9, -4/54 HPs)
             Began as a Kobold Artificer on Feb 17, 2019.
             Slain by a wight
             ... wielding a +0 halberd
              (15 damage)
             ... on level 6 of the Dungeon.
             The game lasted 00:08:01 (6455 turns).

Monsterracer the Slicer (Kobold Artificer)          Turns: 6455, Time: 00:08:02

Health: -4/54      AC:  9    Str: 12    XL:     9   Next: 18%
Magic:  13/13      EV: 17    Int: 13    God:
Gold:   304        SH:  0    Dex: 15    Spells: 8/8 levels left

rFire    . . .     SeeInvis .   b - +0 dagger (elec)
rCold    . . .     Gourm    .   (shield restricted)
rNeg     + . .     Faith    .   x - +1 leather armour of the Tuna {rPois}
rPois    +         Spirit   .   C - +0 helmet
rElec    .         Reflect  .   u - +0 cloak
rCorr    .         Harm     .   s - +2 pair of gloves
MR       .....                  (no boots)
Stlth    +++.......             (no amulet)
HPRegen  0.18/turn              l - ring of positive energy
MPRegen  0.13/turn              (no ring)

@: no status effects
A: small, carnivore
a: no special abilities


You were on level 6 of the Dungeon.
You were completely stuffed.

You visited 2 branches of the dungeon, and saw 7 of its levels.
You also visited: Sewer.

You collected 304 gold pieces.

Inventory:

Hand Weapons
 a - a +1 short sword of venom
 b - a +0 dagger of electrocution (weapon)
Armour
 i - a +0 troll leather armour {Purgy}
 s - a +2 pair of gloves (worn)
 u - a +0 cloak (worn)
 x - the +1 leather armour of the Tuna (worn) {rPois}
   (You found it on level 4 of the Dungeon)

   It protects you from poison.
 C - a +0 helmet (worn)
Jewellery
 l - a ring of positive energy (left hand)
 n - an uncursed ring of fire
 B - an uncursed ring of magical power
Wands
 e - a wand of random effects (9)
 k - a wand of flame (8)
 q - a wand of enslavement (15)
 A - a wand of acid (8)
Scrolls
 f - 4 scrolls of identify
 m - a scroll of magic mapping
 o - a scroll of amnesia
 p - 4 scrolls of enchant weapon
 r - a scroll of remove curse
 t - 3 scrolls of teleportation {!r}
 v - a scroll of fear {!r}
 X - 2 scrolls of blinking
Potions
 d - 4 potions of heal wounds
 g - 3 potions of flight
 h - 2 potions of haste
 j - 2 potions of invisibility
 w - 3 potions of agility
 y - 2 potions of resistance
 z - a potion of brilliance
Comestibles
 c - 9 rations


   Skills:
 + Level 5.2 Fighting
 * Level 9.2 Short Blades
 + Level 5.3 Dodging
 + Level 5.9 Stealth
 + Level 6.0 Evocations


You had 8 spell levels left.
You didn't know any spells.
Your spell library was empty.

Dungeon Overview and Level Annotations

Branches:
Dungeon (6/15)             Temple (1/1) D:6

Altars:
Ashenzari
Cheibriados
Dithmenos
Elyvilon
Fedhas
Gozag
Hepliaklqana
Kikubaaqudgha
Makhleb
Nemelex Xobeh
Okawaru
Qazlal
Ru
Vehumet
Wu Jian
Yredelemnul
Zin
The Shining One


Innate Abilities, Weirdness & Mutations

You are small and have problems with some larger weapons.
You are carnivorous and can eat meat at any time.


Message History

An ice beast comes into view.
You hit the bullfrog. Lightning courses through the bullfrog!
You kill the bullfrog!
Your Evocations skill increases to level 6!
You hit the hound but do no damage. Lightning courses through the hound!
The hound is almost dead.
The hound bites you but does no damage.
You hit the hound but do no damage.
The hound is almost dead.
The hound misses you.
You hit the hound but do no damage.
The hound is almost dead.
The hound bites you but does no damage.
You hit the hound. Lightning courses through the hound!
You kill the hound!
You closely miss the giant cockroach.
You hit the giant cockroach but do no damage.
The giant cockroach bites you but does no damage.
You barely miss the giant cockroach.
The giant cockroach completely misses you.
You hit the giant cockroach but do no damage.
Lightning courses through the giant cockroach!!
You kill the giant cockroach!
You hit the worker ant.
The worker ant is lightly wounded.
The worker ant barely misses you.
You hit the worker ant.
The worker ant is moderately wounded.
You hit the worker ant but do no damage.
The worker ant is moderately wounded.
The worker ant barely misses you.
You closely miss the worker ant.
The worker ant is moderately wounded.
The worker ant bites you but does no damage.
You closely miss the worker ant.
The worker ant is moderately wounded.
You hit the worker ant but do no damage.
The worker ant is moderately wounded.
The worker ant misses you.
You hit the worker ant.
The worker ant is moderately wounded.
The worker ant misses you.
You hit the worker ant but do no damage.
Lightning courses through the worker ant!
The worker ant is almost dead.
The worker ant closely misses you.
You barely miss the worker ant.
The worker ant is almost dead.
You hit the worker ant.
You kill the worker ant!
You hit the ice beast.
The ice beast is lightly wounded.
You barely miss the ice beast.
The ice beast is lightly wounded.
The ice beast completely misses you.
You hit the ice beast but do no damage.
The ice beast is lightly wounded.
You hit the ice beast.
The ice beast is moderately wounded.
The ice beast hits you. The ice beast freezes you!
You take 16 damage, and have 33/54 hp.
MASSIVE DAMAGE!!
You hit the ice beast but do no damage.
Lightning courses through the ice beast!
The ice beast is severely wounded.
You hit the ice beast but do no damage.
The ice beast is severely wounded.
The ice beast hits you. The ice beast freezes you.
* * * LOW HITPOINT WARNING * * *
You take 9 damage, and have 25/54 hp.
Unknown command.
You hit the ice beast but do no damage.
The ice beast is severely wounded.
The crimson imp blinks!
You completely miss the ice beast.
The ice beast is severely wounded.
The ice beast barely misses you.
You hit the ice beast.
The ice beast is severely wounded.
You hit the ice beast.
The ice beast is severely wounded.
The ice beast closely misses you.
You hit the ice beast but do no damage.
The ice beast is severely wounded.
You hit the ice beast but do no damage.
The ice beast is severely wounded.
The ice beast hits you.
* * * LOW HITPOINT WARNING * * *
The ice beast freezes you!
* * * LOW HITPOINT WARNING * * *
You take 16 damage, and have 9/54 hp.
MASSIVE DAMAGE!!
Unknown command.
You closely miss the ice beast.
The ice beast is severely wounded.
You hit the ice beast but do no damage.
The ice beast is severely wounded.
The ice beast closely misses you.
The crimson imp blinks!
The crimson imp misses you.
The crimson imp blinks!
The wight hits you with a +0 halberd!
You die...

#......#.# ##.....#.#..##.#
#+###..#.########...###.#..##.#
#.........#...###...##.##..
#.##.#..#...#()......#..##.
#...รท..###....##..>..##....
#.##.#......#..#........#..
#.##.........>.##...###...#
#....##....z##..#.###...#.#
####.###.#@.###.#.#....##.# #.#
#.#Y.# .....##.##.# ##.###.#l.#
#.#........# .####...##.#..#
#...#### #.# ..............##
##### #.# ####...##.##Y5######
# ##.###.##.......# ########.#
#.#..#####..# #........# #...##


You could see 2 ice beasts, a wight, a crimson imp and a leopard gecko.

Vanquished Creatures
  A hippogriff (D:6)
  Menkaure (D:4)
  Purgy (Sewer)
  A sky beast (D:6)
  3 centaurs (D:5)
  A bullfrog (D:6)
  A water moccasin zombie (D:6)
  2 scorpions
  2 wights (D:6)
  A howler monkey (D:4)
  2 hounds (D:6)
  An orc priest (D:2)
  A centaur skeleton (D:6)
  Crazy Yiuf (D:4)
  Jessica (D:2)
  A bullfrog skeleton (D:5)
  An iguana (D:3)
  An orc wizard (D:4)
  4 worker ants
  A hound zombie (D:6)
  Robin (D:4)
  4 gnolls
  6 adders
  A shadow imp (D:6)
  An ooze (D:4)
  2 adder skeletons
  A worm (D:3)
  A dart slug (D:5)
  A leopard gecko (D:5)
  6 orcs
  10 bats
  7 giant cockroaches
  14 goblins
  9 hobgoblins
  12 jackals
  3 quokkas
  2 ball pythons (D:3)
  3 frilled lizards
  10 kobolds
  2 leopard gecko skeletons
  7 rats
131 creatures vanquished.

Notes
Turn   | Place    | Note
-------+----------+-------------------------------------------
     0 | D:1      | Monsterracer the Kobold Artificer began the quest for the
                  | Orb.
     0 | D:1      | Reached XP level 1. HP: 12/12 MP: 3/3
   185 | D:1      | Reached skill level 2 in Short Blades
   220 | D:1      | Reached XP level 2. HP: 16/16 MP: 4/4
   347 | D:1      | HP: 5/16 [gnoll/+0 spear (5)]
   754 | D:1      | Reached skill level 3 in Short Blades
   754 | D:1      | Reached XP level 3. HP: 15/21 MP: 5/5
  1234 | D:2      | Reached XP level 4. HP: 17/26 MP: 6/6
  1323 | D:2      | Reached skill level 4 in Short Blades
  1523 | D:2      | HP: 13/27 [orc priest/nerve-wracking pain (14)]
  1547 | D:2      | HP: 7/27 [something (8)]
  1833 | D:2      | Noticed Jessica
  1844 | D:2      | Killed Jessica
  1844 | D:2      | Reached skill level 5 in Short Blades
  1844 | D:2      | Reached XP level 5. HP: 32/32 MP: 7/7
  1862 | D:2      | HP: 5/32 [gnoll/+0 flail (13)]
  2485 | D:3      | Found a glowing drain.
  2511 | Sewer    | Entered a sewer
  2636 | Sewer    | Noticed Purgy
  2653 | Sewer    | Killed Purgy
  2653 | Sewer    | Reached XP level 6. HP: 25/37 MP: 7/9
  2659 | Sewer    | HP: 18/37 [poisoned by a kobold]
  2664 | Sewer    | HP: 14/37 [poisoned by a kobold]
  2669 | Sewer    | HP: 12/37 [poisoned by a kobold]
  2676 | Sewer    | HP: 9/37 [poisoned by a kobold]
  2683 | Sewer    | HP: 8/37 [poisoned by a kobold]
  2691 | Sewer    | HP: 9/37 [poisoned by a kobold]
  3234 | D:3      | Reached skill level 6 in Short Blades
  3307 | D:3      | Found a shattered altar of Ashenzari.
  3720 | D:4      | Noticed Robin
  3746 | D:4      | Killed Robin
  3815 | D:4      | Found a shadowy altar of Dithmenos.
  3848 | D:4      | Reached XP level 7. HP: 31/41 MP: 10/10
  3945 | D:4      | Noticed Menkaure
  3953 | D:4      | Killed Menkaure
  3966 | D:4      | Got a polished leather armour
  3977 | D:4      | Identified the +1 leather armour of the Tuna {rPois} (You
                  | found it on level 4 of the Dungeon)
  4211 | D:4      | Found a runed translucent door.
  4212 | D:4      | Noticed Crazy Yiuf
  4343 | D:4      | Killed Crazy Yiuf
  4368 | D:5      | Entered Level 5 of the Dungeon
  4447 | D:5      | Found a blossoming altar of Fedhas.
  4447 | D:5      | Found a stormy altar of Qazlal.
  4469 | D:5      | Reached skill level 7 in Short Blades
  4631 | D:5      | Reached XP level 8. HP: 28/48 MP: 11/11
  4635 | D:5      | HP: 17/48 [centaur (9)]
  4641 | D:5      | HP: 11/48 [centaur (1)]
  4643 | D:5      | Reached skill level 5 in Evocations
  5591 | D:6      | Noticed a hippogriff
  5602 | D:6      | HP: 20/48 [hippogriff (6)]
  5610 | D:6      | HP: 16/48 [hippogriff (5)]
  5624 | D:6      | Killed a hippogriff
  5624 | D:6      | Reached skill level 8 in Short Blades
  5624 | D:6      | Reached skill level 5 in Stealth
  5924 | D:6      | Found a staircase to the Ecumenical Temple.
  5960 | Temple   | Entered the Ecumenical Temple
  6093 | D:6      | Reached skill level 5 in Fighting
  6093 | D:6      | Reached skill level 5 in Dodging
  6192 | D:6      | Reached XP level 9. HP: 54/54 MP: 13/13
  6334 | D:6      | Reached skill level 9 in Short Blades
  6438 | D:6      | HP: 25/54 [ice beast (5)]
  6444 | D:6      | HP: 23/54 [ice beast (2)]
  6444 | D:6      | HP: 9/54 [ice beast (14)]
  6455 | D:6      | Slain by a wight

Skill      XL: |  1  2  3  4  5  6  7  8  9 |
---------------+----------------------------+-----
Short Blades   | 2 3 5 6 7 8 9 |  9.2
Fighting       | 2 3 4 5 |  5.2
Stealth        | 2 3 4 5 |  5.9
Evocations     | 4 5 6 |  6.0
Dodging        | 3 4 5 |  5.3

Action                   |  1- 3 |  4- 6 |  7- 9 || total
-------------------------+-------+-------+-------++-------
Melee: Short sword       |    64 |   107 |    47 ||   218
       Dagger            |       |   175 |   213 ||   388
Evoke: Wand              |     2 |     8 |     5 ||    15
  Use: Scroll            |       |    16 |     1 ||    17
 Stab: Sleeping          |     2 |     5 |     2 ||     9
       Distracted        |       |       |     1 ||     1
  Eat: Chunk             |     9 |     9 |     8 ||    26
Armor: Leather armour    |    17 |    22 |    42 ||    81
       Troll leather arm |       |    17 |       ||    17
Dodge: Dodged            |    51 |   145 |   138 ||   334

Levels and vault maps discovered:
D:1:      evilmike_arrival_come_back, layout_basic, minmay_pentomino_q4
D:2:      layout_rooms, first_ration, uniq_jessica
D:3:      layout_loops_ring, nicolae_overflow_crystal_walls,
          cheibrodos_sewer_entry_sluice
D:4:      layout_basic, marbit_many_paths, uniq_menkaure, uniq_robin,
          uniq_crazy_yiuf_cottage
D:5:      layout_loops_ring, grunt_temple_overflow_forces_of_nature
D:6:      layout_loops_ring, kennysheep_little_box, minmay_temple_entry_slanted,
          minmay_ruined_shrine
Temple:   zaba_magenta_temple
Sewer:    kennysheep_door_sewer
